 Dungeon Crawl Stone Soup version 0.18-a0-1721-gc4d1f22 (webtiles) character file.

171 st0uf the Shield-Bearer (level 5, 0/42 HPs)
             Began as a Formicid Fighter on Apr 9, 2016.
             Killed from afar by Blork the orc (4 damage)
             ... with a puff of frost
             ... on level 3 of the Dungeon.
             The game lasted 00:08:18 (2715 turns).

st0uf the Shield-Bearer (Formicid Fighter)          Turns: 2715, Time: 00:08:19

Health: 0/42       AC:  8    Str: 21    XL:     5   Next: 81%
Magic:  5/5        EV: 14    Int:  7    God:
Gold:   231        SH: 10    Dex: 11    Spells: 0 memorised, 4 levels left

rFire  . . .     SeeInvis +     a - +0 quarterstaff
rCold  . . .     Gourm    .     b - +0 scale mail
rNeg   . . .     Faith    .     c - +0 shield
rPois  .         Spirit   .     (helmet unavailable)
rElec  .         Dismiss  .     (no cloak)
rCorr  .         Reflect  .     k - +0 pair of gloves
SustAt .         Harm     .     (no boots)
MR     .....                    (no amulet)
Stlth  ..........               (no ring)
                                s - +5 ring of evasion

@: not resistant to hostile enchantments, extremely unstealthy
A: permanent stasis, dig shafts and tunnels, four strong arms, antennae 3
a: Dig, Shaft Self


You were on level 3 of the Dungeon.
You were hungry.

You visited 1 branch of the dungeon, and saw 4 of its levels.

You collected 231 gold pieces.

Inventory:

Hand Weapons
 a - a +0 quarterstaff (weapon)
 v - a +0 hunting sling
Missiles
 o - 128 stones (quivered)
Armour
 b - a +0 scale mail (worn)
 c - a +0 shield (worn)
 k - a +0 pair of gloves (worn)
Jewellery
 s - a +5 ring of evasion (left hand)
Scrolls
 e - a scroll of remove curse {unknown}
 h - a scroll of recharging {unknown}
 i - a scroll of noise {unknown}
 j - a scroll of random uselessness {unknown}
 m - a scroll of enchant armour {unknown}
 n - 4 scrolls of identify {unknown}
 p - a scroll of amnesia {unknown}
 r - 2 scrolls of teleportation {unknown}
 A - a scroll of magic mapping {unknown}
 B - a scroll of fear {unknown}
Potions
 d - a potion of might
 l - a potion of magic {unknown}
 t - 2 potions of curing {unknown}
 u - a potion of lignification {unknown}
 x - a potion of degeneration {unknown}
 z - a potion of brilliance {unknown}
Books
 y - a Fen Folio

   Spells                             Type                      Level
   a - Corpse Rot                     Necromancy                   2
   b - Stone Arrow                    Conjuration/Earth            3
   c - Leda's Liquefaction            Hexes/Earth                  4
   d - Summon Forest                  Summoning/Translocation      5
   e - Hydra Form                     Transmutation                6
   f - Summon Hydra                   Summoning                    7
Comestibles
 f - a bread ration
 g - 3 meat rations
 q - 3 fruits


   Skills:
 + Level 4.0 Fighting
 + Level 2.5 Staves
 + Level 4.2 Armour
 + Level 1.2 Dodging
 + Level 0.6 Stealth
 + Level 5.2 Shields


You had 4 spell levels left.
You didn't know any spells.

Dungeon Overview and Level Annotations

Branches:
Dungeon (4/15)
 Temple: D:4-7

Altars:
Dithmenos
Makhleb
Yredelemnul

Annotations:
D:3 Blork the orc
D:4 Sigmund


Innate Abilities, Weirdness & Mutations

You are under a permanent stasis effect.
You can dig through walls and to a lower floor.
Your four strong arms can wield two-handed weapons with a shield.
You have a pair of large antennae on your head (SInv).


Message History

You climb upwards.
There is a stone staircase leading down here.
You hit Blork the orc.
Blork the orc is lightly wounded.
You block Blork the orc's attack.
You sock Blork the orc!
Blork the orc is heavily wounded.
Blork the orc casts a spell at you. The puff of frost hits you!
* * * LOW HITPOINT WARNING * * *
Blork the orc closely misses you.
You barely miss Blork the orc.
Blork the orc is heavily wounded.
Blork the orc screams, "I'll break your legs!"
Blork the orc barely misses you.
You hit Blork the orc.
Blork the orc is heavily wounded.
Blork the orc casts a spell at you. The puff of frost hits you!
You die...

####.# .....# ####.# ...#.#
##.#.###########
.#.#...........#
.#.###########.#
.#.###########.############
...............o@.........#
'#.###########.#.########.#
.......# #.......<..#.#
.......# ############.##
.......#########...........#
.................###########
..........########
####......# ..........#


You could see Blork the orc.

Vanquished Creatures
  A hound (D:4)
  8 adders
  A worm (D:3)
  2 giant geckos (D:1)
  4 orcs (D:3)
  2 bats (D:3)
  3 giant cockroaches
  6 goblins
  4 hobgoblins
  15 jackals
  5 kobolds
  A ball python (D:3)
  5 rats
57 creatures vanquished.

Notes
Turn   | Place    | Note
--------------------------------------------------------------
     0 | D:1      | st0uf the Formicid Fighter began the quest for the Orb.
     0 | D:1      | Reached XP level 1. HP: 18/18 MP: 1/1
    67 | D:1      | Reached XP level 2. HP: 24/24 MP: 2/2
   764 | D:2      | Found a burning altar of Makhleb.
   766 | D:2      | Noticed a balrug
   770 | D:2      | Noticed a smoke demon
   770 | D:2      | Noticed an orange demon
   822 | D:2      | Reached skill level 4 in Shields
   829 | D:2      | Reached XP level 3. HP: 29/29 MP: 3/3
  1313 | D:2      | Reached XP level 4. HP: 34/37 MP: 4/4
  1603 | D:3      | Found a shadowy altar of Dithmenos.
  1729 | D:3      | Found a basalt altar of Yredelemnul.
  1740 | D:3      | Reached XP level 5. HP: 42/42 MP: 5/5
  2340 | D:4      | Noticed an ogre
  2370 | D:3      | Reached skill level 1 in Dodging
  2370 | D:3      | Reached skill level 5 in Shields
  2404 | D:4      | Noticed an ogre
  2506 | D:4      | Noticed Blork the orc
  2508 | D:4      | Noticed Sigmund
  2715 | D:3      | Killed from afar by Blork the orc

Vault maps used:
D:1:      noname_arrival_rooms_in_the_neighbourhood, minmay_misc_feat_five,
          kennysheep_pointless_box
D:2:      makhleb_altar_promises_db
D:3:      nicolae_overflow_crystal_walls, yredelemnul_altar_generic
D:4:      kennysheep_the_goblin_king, cheibriados_altar_1, lemuel_doored_altar,
          elyvilon_altar_5, minmay_temple_entry_overgrown, grunt_ministairs_1,
          serial_bayou_ford_a, uniq_blork_the_orc, uniq_sigmund

Skill      XL: |  1  2  3  4  5 |
---------------+----------------+-----
Shields        | 4 5 |  5.2
Armour         | 4 |  4.2
Dodging        | 1 |  1.2
Fighting       | 4 |  4.0
Staves         | |  2.5
Stealth        | |  0.6

Action                   |  1- 3 |  4- 6 || total
-------------------------+-------+-------++-------
Melee: Quarterstaff      |    57 |   151 ||   208
  Eat: Chunk             |     1 |     4 ||     5
